 Dungeon Crawl Stone Soup version 0.29-a0-294-g83ea962da3 (webtiles) character file.

Game seed: 5973851764485436620

39 sanka the Changer (level 3, -6/28 HPs)
             Began as a Gnoll Wanderer on Mar 18, 2022.
             Mangled by a worm (9 damage)
             ... on level 2 of the Dungeon.
             The game lasted 00:01:32 (1455 turns).

sanka the Changer (Gnoll Wanderer)                  Turns: 1455, Time: 00:01:33

Health: -6/28      AC:  2    Str: 11    XL:     3   Next: 45%
Magic:  9/9        EV: 11    Int: 13    God:
Gold:   7          SH:  0    Dex: 11    Spells: 11/12 levels left

rFire   . . .      SeeInvis .   a - +1 quarterstaff
rCold   . . .      Faith    .   (shield currently unavailable)
rNeg    . . .      Spirit   .   c - +0 robe
rPois   .          Reflect  .   (no helmet)
rElec   .          Harm     .   (no cloak)
rCorr   .          Rampage  .   (no gloves)
Will    .....                   (no boots)
Stlth   +.........              (no amulet)
HPRegen 0.09/turn               (no ring)
MPRegen 0.11/turn               (no ring)

@: no status effects
A: fangs 1, strong nose, distributed training
a: no special abilities


You were on level 2 of the Dungeon.
You visited 1 branch of the dungeon, and saw 2 of its levels.

You collected 7 gold pieces.


Innate Abilities, Weirdness & Mutations

You have very sharp teeth.
Your uncanny sense of smell can sniff out nearby items.
Your experience applies equally to all skills.


   Skills:
 + Level 2.6 Fighting
 + Level 0.8 Short Blades
 + Level 0.8 Long Blades
 + Level 0.8 Axes
 + Level 0.8 Maces & Flails
 + Level 0.8 Polearms
 + Level 4.5 Staves
 + Level 0.8 Slings
 + Level 0.8 Bows
 + Level 0.8 Crossbows
 + Level 0.8 Throwing
 + Level 2.6 Armour
 + Level 0.8 Dodging
 + Level 0.8 Stealth
 + Level 0.8 Shields
 + Level 0.8 Unarmed Combat
 + Level 5.0 Spellcasting
 + Level 0.5 Conjurations
 + Level 0.5 Hexes
 + Level 0.5 Summonings
 + Level 0.5 Necromancy
 + Level 0.5 Translocations
 + Level 7.1 Transmutations
 + Level 0.5 Fire Magic
 + Level 0.5 Ice Magic
 + Level 0.5 Air Magic
 + Level 0.5 Earth Magic
 + Level 0.5 Poison Magic
 + Level 1.0 Invocations
 + Level 0.8 Evocations


You had 11 spell levels left.
You knew the following spells:

 Your Spells              Type           Power      Damage    Failure   Level
z - Sting                 Tmut/Pois      52%        1d5       3%          1

Your spell library contained the following spells:

 Spells                   Type           Power      Damage    Failure   Level
 Passwall                 Tmut/Erth      10%        N/A       6%          2
 Magic Dart               Conj           16%        1d3       14%         1
 Blink                    Tloc           8%         N/A       22%         2
 Call Imp                 Summ           4%         N/A       22%         2
 Corpse Rot               Necr/Air       8%         N/A       22%         2
 Ice Form                 Ice/Tmut       13%        N/A       36%         4
 Lesser Beckoning         Tloc           4%         N/A       41%         3
 Mephitic Cloud           Conj/Pois/Air  4%         N/A       41%         3
 Dispel Undead            Necr           4%         3d7       82%         4
 Manifold Assault         Tloc           4%         N/A       99%         5
 Death Channel            Necr           2%         N/A       100%        6

Inventory:

Hand Weapons
 a - a +1 quarterstaff (weapon)
Missiles
 g - 3 poisoned darts
Armour
 c - a +0 robe (worn)
Magical Staves
 d - a staff of poison
Scrolls
 b - a scroll of blinking
 e - 2 scrolls of vulnerability {unknown}
Potions
 f - a potion of resistance {unknown}

Dungeon Overview and Level Annotations

Branches:
Dungeon (2/15)

Altars:

▒.(.....▒
▒.......▒ ∆
+.......▒
▒▒.......▒▒▒
...........
.........▒
.........▒
...▒▒▒▒▒w▒ ∆
▒g▒ ▒.▒ ▒.▒
▒.▒ ▒.▒ ▒.▒
▒.▒ ▒.▒ ▒.▒
▒.▒ ▒.▒ ▒.▒
▒.▒▒▒ ▒.▒
▒.▒<▒


You could see a worm.


Message History

The kobold is severely wounded.
The quokka bites you. The kobold barely misses you.
The quokka barely misses you.
You barely miss the quokka. The quokka barely misses you.
You barely miss the quokka. The quokka closely misses you.
You barely miss the quokka. The quokka bites you.
* * * LOW HITPOINT WARNING * * *
The quokka bites you.
* * * LOW HITPOINT WARNING * * *
You sock the quokka!
You kill the quokka!
Your Invocations skill increases to level 1!
You sock the kobold!
You kill the kobold!
The worm bites you!
* * * LOW HITPOINT WARNING * * *
You see here a +0 whip.
You sock the worm!
The worm is heavily wounded.
The worm barely misses you.
You hit the worm but do no damage.
The worm is heavily wounded.
You barely miss the worm.
The worm is heavily wounded.
The worm bites you!
You die...

Action                   || total
-------------------------++-------
Melee: Quarterstaff      ||    62
       Bite              ||     4
 Cast: Sting             ||     4
Armor: Robe              ||    10
Dodge: Dodged            ||    28

Levels and vault maps discovered:
D:1:      dpeg_arrival_rooms_a, layout_basic, minmay_split_cup_small
D:2:      layout_basic

Notes
Turn   | Place    | Note
-------+----------+-------------------------------------------
     0 | D:1      | sanka the Gnoll Wanderer began the quest for the Orb.
     0 | D:1      | sanka set off with the following items: a +1 quarterstaff,
                  | a scroll of blinking, a +0 robe; and the following spell
                  | memorised: Sting; and the following spells available to
                  | memorise: Passwall, Ice Form
     0 | D:1      | Reached XP level 1. HP: 17/17 MP: 6/6
   392 | D:1      | Reached XP level 2. HP: 17/23 MP: 7/7
  1300 | D:2      | Reached XP level 3. HP: 25/28 MP: 9/9
  1375 | D:2      | Reached skill level 5 in Spellcasting
  1451 | D:2      | Reached skill level 1 in Invocations
  1455 | D:2      | Mangled by a worm

Vanquished Creatures
  An adder (D:2)
  A dart slug (D:1)
  A ball python (D:1)
  A bat (D:1)
  4 endoplasms
  3 giant cockroaches (D:1)
  2 goblins (D:1)
  3 hobgoblins
  A kobold (D:2)
  3 quokkas
  2 rats (D:1)
22 creatures vanquished.
